 Dungeon Crawl Stone Soup version 0.28-b1-25-g9875b3fc8c (webtiles) character file.

Game seed: 16653112838583386328

14 cayde69 the Skirmisher (level 2, 28/28 HPs)
             Began as a Hill Orc Fighter on Feb 2, 2022.
             Was a Follower of Beogh.
             Quit the game on level 1 of the Dungeon.
             The game lasted 00:00:43 (380 turns).

cayde69 the Skirmisher (Hill Orc Fighter)            Turns: 380, Time: 00:00:44

Health: 28/28      AC:  6    Str: 18    XL:     2   Next: 41%
Magic:  2/2        EV:  9    Int:  8    God:    Beogh [*.....]
Gold:   15         SH:  4    Dex: 10    Spells: 1/1 levels left

rFire   . . .      SeeInvis .   a - +0 war axe
rCold   . . .      Faith    .   c - +0 buckler
rNeg    . . .      Spirit   .   b - +0 scale mail
rPois   .          Reflect  .   (no helmet)
rElec   .          Harm     .   (no cloak)
rCorr   .          Rampage  .   (no gloves)
Will    .....                   (no boots)
Stlth   ..........              (no amulet)
HPRegen 0.09/turn               (no ring)
MPRegen 0.08/turn               (no ring)

@: no status effects
A: no striking features
a: Renounce Religion


You were on level 1 of the Dungeon.
You worshipped Beogh.
Beogh was aware of your devotion.
You visited 1 branch of the dungeon, and saw 1 of its levels.

You collected 15 gold pieces.

Inventory:

Hand Weapons
 a - a +0 war axe (weapon)
Armour
 b - a +0 scale mail (worn)
 c - a +0 buckler (worn)
 f - a +3 leather armour
Scrolls
 e - a scroll of identify {unknown}
Potions
 d - a potion of might


   Skills:
 + Level 4.4 Fighting
 - Level 2.6 Axes
 - Level 3.2 Armour
 + Level 0.3 Dodging
 - Level 3.2 Shields


You had one spell level left.
You didn't know any spells.
Your spell library contained the following spells:

 Spells                   Type           Power      Damage    Failure   Level
 Shock                    Conj/Air       0%         1d3       87%         1
 Swiftness                Air            0%         N/A       99%         3
 Airstrike                Air            0%         N/A       100%        4


Dungeon Overview and Level Annotations

Branches:
Dungeon (1/15)

Altars:
Beogh


Message History

You see here a +0 dagger.
You see here a +0 dagger.
As you open the door, it creaks loudly!
Found a faded altar of an unknown god.
No target in view!
There is an open door here.
There is an open door here.
You open the door.
There is an open door here.
Found a glowing leather armour.
No target in view!
A kobold comes into view. It is wielding a +0 short sword.
The kobold shouts!
The kobold throws a stone.
The stone closely misses you.
A giant cockroach comes into view.
The giant cockroach moves out of view.
You hit the kobold.
The kobold is heavily wounded.
The kobold closely misses you.
You hit the kobold.
You kill the kobold!
You closely miss the giant cockroach.
The giant cockroach bites you but does no damage.
You slash the giant cockroach!
You kill the giant cockroach!
No target in view!
No target in view!
No target in view!
No target in view!
You see here a +3 leather armour.
f - a +3 leather armour
There is an open door here.
There is a faded altar of an unknown god here.
You cannot tell which god this altar belongs to.
Convert to them anyway?
Beogh accepts your prayer! Beogh welcomes you!
There's something in the way.
Unknown command.
Unknown command.
Are you sure you want to abandon this character and quit the game? (Confirm with "yes".)

.##.###.#.# #.# '##.#
#.#.# #.##
..#.###.#.#######..####
......................#
....###.#.......8.8)..#
##..............#'#...#
##..###.#.###...#.#...##
......#.......###.###..#
..............#8@..8#..#
..............#.._..#..#
.............)#8...8#..#
.#..#.#.#.#.#)###.###..#
.#..#.#.#.#.#†..#.#...##
....#.#.#.#.##..#+#.###
................8.8.####
#..#.#.........)......#
##....#.#.......##..####


There were no monsters in sight!

Vanquished Creatures
  A ball python (D:1)
  A giant cockroach (D:1)
  2 goblins (D:1)
  A hobgoblin (D:1)
  6 kobolds (D:1)
  A rat (D:1)
12 creatures vanquished.

Notes
Turn   | Place    | Note
-------+----------+-------------------------------------------
     0 | D:1      | cayde69 the Hill Orc Fighter began the quest for the Orb.
     0 | D:1      | Reached XP level 1. HP: 19/19 MP: 1/1
   204 | D:1      | Reached skill level 4 in Fighting
   210 | D:1      | Reached XP level 2. HP: 27/27 MP: 2/2
   296 | D:1      | Found a faded altar of an unknown god.
   378 | D:1      | Prayed at the altar of an unknown god.
   378 | D:1      | Became a worshipper of Beogh the Brigand
   378 | D:1      | Reached * piety under Beogh
   380 | D:1      | Quit the game

Illustrated notes

Levels and vault maps discovered:
D:1:      amcnicky_arrival_feature_with_door, layout_basic,
          dreamdust_ecumenical_altar_angels_and_demons

Skill      XL: |  1 |
---------------+----+-----
Fighting       | 4 |  4.4
Axes           | |  2.6
Armour         | |  3.2
Dodging        | |  0.3
Shields        | |  3.2

Action                   || total
-------------------------++-------
Melee: War axe           ||    28
Armor: Scale mail        ||    10
Dodge: Dodged            ||    16
Block: Buckler           ||     7
